 Dungeon Crawl Stone Soup version 0.16.1-5-gaa23807 (webtiles) character file.

324 HungrySpirit the Insei (level 6, -9/47 HPs)
             Began as a Draconian Transmuter on Mar 28, 2015.
             Was a Believer of Cheibriados.
             Mangled by a goliath beetle (26 damage)
             ... on level 3 of the Dungeon.
             The game lasted 00:09:27 (2803 turns).

HungrySpirit the Insei (Draconian Transmuter)       Turns: 2803, Time: 00:09:27

Health: -9/47      AC:  7    Str: 17    XL:     6   Next: 23%
Magic:  5/13       EV: 13    Int: 17    God:    Cheibriados [**....]
Gold:   175        SH:  0    Dex: 17    Spells: 3 memorised, 5 levels left

rFire  . . .     SeeInvis .       - Unarmed
rCold  . . .     Clarity  .     (armour unavailable)
rNeg   . . .     SustAb   .     (no shield)
rPois  .         Gourm    .     (helmet restricted)
rElec  .         Spirit   .     e - +0 cloak
rCorr  .         Warding  .     (no gloves)
rMut   .         Stasis   .     (boots unavailable)
MR     .....                    (no amulet)
Stlth  ++........               (no ring)
                                (no ring)

@: appendage (expiring), very slightly contaminated, very slow, not resistant to
hostile enchantments, unstealthy
A: unfitting armour, talons 3, cold-blooded, AC +6
a: End Transformation, Bend Time, Renounce Religion


You were on level 3 of the Dungeon.
You worshipped Cheibriados.
Cheibriados was pleased with you.
You were very hungry.
You had grown temporary talons.
You visited 1 branch of the dungeon, and saw 3 of its levels.

You collected 175 gold pieces.

Inventory:

Missiles
 b - 28 arrows
 s - 8 poisoned arrows
Armour
 e - a +0 cloak (worn)
Jewellery
 j - an uncursed amulet of rage {unknown}
 t - an uncursed ring of magical power {unknown}
Scrolls
 g - 2 scrolls of random uselessness {unknown}
 l - a scroll of fear {unknown}
 n - 2 scrolls of identify {unknown}
 p - a scroll of noise {unknown}
 q - a scroll of remove curse {unknown}
Potions
 c - a potion of experience {unknown}
 f - a potion of cancellation
 i - a potion of mutation {unknown}
 m - a potion of ambrosia {unknown}
 r - a potion of might
Books
 d - a book of Changes

   Spells                             Type                      Level
   a - Beastly Appendage              Transmutation                1
   b - Sticks to Snakes               Transmutation                2
   c - Spider Form                    Transmutation/Poison         3
   d - Ice Form                       Ice/Transmutation            4
   e - Blade Hands                    Transmutation                5
Comestibles
 a - 2 bread rations
 h - 3 beef jerkies
 k - a royal jelly
 o - 2 fruits


   Skills:
 - Level 1.1 Fighting
 + Level 3.1 Dodging
 * Level 5.0 Unarmed Combat
 - Level 3.2 Spellcasting
 + Level 3.3 Transmutations


You had 5 spell levels left.
You knew the following spells:

 Your Spells              Type           Power        Failure   Level  Hunger
a - Beastly Appendage     Trmt           ##....       4%          1    None
b - Spider Form           Trmt/Pois      #.........   30%         3    ###....
c - Sticks to Snakes      Trmt           ##........   10%         2    ##.....


Dungeon Overview and Level Annotations

Branches:
Dungeon (3/15)

Altars:
Cheibriados


Innate Abilities, Weirdness & Mutations

Your plain brown scales are hard (AC +6).
Your body does not fit into most forms of armour.
Your cold-blooded metabolism reacts poorly to cold.
You have claws for feet.


Message History

The goliath beetle bites you.
You hit the goliath beetle but do no damage.
You tail-slap the goliath beetle, but do no damage.
The goliath beetle is severely wounded.
You hit the goliath beetle.
You claw the goliath beetle, but do no damage.
The goliath beetle is almost dead.
You hit the goliath beetle.
The goliath beetle is almost dead.
Your transformation is almost over.
The goliath beetle misses you.
You hit the goliath beetle but do no damage.
Your kick misses the goliath beetle. You punch the goliath beetle.
The goliath beetle is almost dead.
You hit the goliath beetle but do no damage.
You claw the goliath beetle.
The goliath beetle is almost dead.
The goliath beetle bites you!!
Ouch! That really hurt!
You die...

#.# #... #.#
##>. #># ##.. .
#.###... #.$
#..#.... #...
##.#.#.. (...
#.#.###
#.##..#####
#.#.# ##
#.......B@##
#.#.# .
%...######..###
#.#.# # ##...#
#...# # ###.#
#..## # #.##
#..## #..#
##..## ##.##
###...#
#..####...#.#
##....#.###.#


You could see a goliath beetle.

Vanquished Creatures
  Grinder (D:3)
  Jessica (D:3)
  4 adders
  A gnoll (D:3)
  2 worms (D:3)
  2 oozes
  3 giant geckos (D:1)
  7 giant cockroaches
  4 goblins
  7 hobgoblins
  4 jackals (D:1)
  A quokka (D:2)
  2 ball pythons
  11 bats
  6 giant newts
  11 kobolds
  5 rats
72 creatures vanquished.

Vanquished Creatures (collateral kills)
  2 gnolls (D:3)
  A butterfly (D:3)
3 creatures vanquished.

Grand Total: 75 creatures vanquished

Notes
Turn   | Place    | Note
--------------------------------------------------------------
     0 | D:1      | HungrySpirit, the Draconian Transmuter, began the quest for the Orb.
     0 | D:1      | Reached XP level 1. HP: 16/16 MP: 3/3
   291 | D:1      | Reached XP level 2. HP: 23/23 MP: 4/4
   724 | D:1      | Reached XP level 3. HP: 26/28 MP: 6/6
   986 | D:2      | Found a snail-covered altar of Cheibriados.
  1038 | D:2      | Became a worshipper of Cheibriados the Contemplative
  1043 | D:2      | Learned a level 3 spell: Spider Form
  1515 | D:2      | Acquired Cheibriados' first power
  1546 | D:2      | Reached skill level 4 in Unarmed Combat
  1546 | D:2      | Reached XP level 4. HP: 23/35 MP: 6/8
  1938 | D:3      | Noticed Jessica
  1950 | D:3      | Killed Jessica
  2249 | D:3      | Learned a level 2 spell: Sticks to Snakes
  2304 | D:3      | Reached XP level 5. HP: 40/40 MP: 1/9
  2380 | D:3      | Noticed Grinder
  2384 | D:3      | Paralysed by Grinder for 2 turns
  2397 | D:3      | HP: 2/40 [Grinder (9)]
  2400 | D:3      | Killed Grinder
  2400 | D:3      | Reached skill level 5 in Unarmed Combat
  2400 | D:3      | Reached XP level 6. HP: 3/47 MP: 1/13
  2803 | D:3      | Mangled by a goliath beetle

Action                   |  1- 3 |  4- 6 || total
-------------------------+-------+-------++-------
Melee: Unarmed           |   199 |   105 ||   304
 Cast: Beastly Appendage |    11 |     5 ||    16
       Sticks to Snakes  |       |    13 ||    13
  Use: Potion            |       |     2 ||     2
 Stab: Distracted        |       |     1 ||     1
  Eat: Chunk             |     2 |     3 ||     5
